 Dungeon Crawl Stone Soup version 0.28.0 (webtiles) character file.

Game seed: 17221150698182139413

55 Sanktem7 the Skirmisher (level 3, -1/34 HPs)
             Began as a Minotaur Fighter on Feb 12, 2022.
             Slain by a gnoll (2 damage)
             ... on level 2 of the Dungeon.
             The game lasted 00:01:47 (1327 turns).

Sanktem7 the Skirmisher (Minotaur Fighter)          Turns: 1327, Time: 00:01:48

Health: -1/34      AC:  7    Str: 22    XL:     3   Next: 67%
Magic:  2/2        EV:  9    Int:  5    God:
Gold:   7          SH:  4    Dex:  9    Spells: 2/2 levels left

rFire   . . .      SeeInvis .   a - +0 war axe
rCold   . . .      Faith    .   c - +0 buckler
rNeg    . . .      Spirit   .   b - +0 scale mail
rPois   .          Reflect  .   (helmet restricted)
rElec   .          Harm     .   (no cloak)
rCorr   .          Rampage  .   (no gloves)
Will    .....                   (no boots)
Stlth   ..........              (no amulet)
HPRegen 0.11/turn               (no ring)
MPRegen 0.08/turn               (no ring)

@: no status effects
A: horns 2, retaliatory headbutt
a: no special abilities


You were on level 2 of the Dungeon.
You visited 1 branch of the dungeon, and saw 2 of its levels.

You collected 7 gold pieces.

Inventory:

Hand Weapons
 a - a +0 war axe (weapon)
Armour
 b - a +0 scale mail (worn)
 c - a +0 buckler (worn)
Jewellery
 f - a ring of protection from cold
Scrolls
 e - a scroll of fog {unknown}
 g - a scroll of amnesia {unknown}
 h - a scroll of summoning {unknown}
Potions
 d - a potion of might


   Skills:
 + Level 4.3 Fighting
 + Level 3.2 Axes
 + Level 4.2 Armour
 + Level 0.1 Dodging
 + Level 4.1 Shields


You had 2 spell levels left.
You didn't know any spells.
Your spell library was empty.

Dungeon Overview and Level Annotations

Branches:
Dungeon (2/15)

Altars:


Innate Abilities, Weirdness & Mutations

You have a pair of horns on your head.
You reflexively headbutt those who attack you in melee.


Message History

You hit the adder. You headbutt the adder.
The adder is severely wounded.
The adder bites you but does no damage. The gnoll closely misses you.
The adder bites you but does no damage.
The gnoll hits you from afar with a +0 spear.
You slash the adder!
You kill the adder!
You block the gnoll's attack.
Found 8 gold pieces.
The gnoll hits you from afar with a +0 spear.
The gnoll hits you but does no damage. You block the gnoll's attack.
You hit the gnoll. You headbutt the gnoll!
You kill the gnoll!
The gnoll hits you but does no damage.
The gnoll hits you from afar with a +0 spear.
You block the gnoll's attack. The gnoll hits you but does no damage.
You hit the frilled lizard.
The frilled lizard is heavily wounded.
The frilled lizard barely misses you. The gnoll completely misses you.
The gnoll hits you from afar with a +0 spear.
You hit the frilled lizard.
The frilled lizard is heavily wounded.
The frilled lizard bites you. The gnoll closely misses you.
The gnoll hits you from afar with a +0 spear.
The frilled lizard closely misses you.
You hit the frilled lizard.
You kill the frilled lizard!
The gnoll hits you but does no damage.
The gnoll hits you from afar with a +0 spear. x2
The gnoll hits you but does no damage. The gnoll hits you with a +0 spear!
* * * LOW HITPOINT WARNING * * *
The gnoll hits you with a +0 spear.
* * * LOW HITPOINT WARNING * * *
Things that are here:
a +0 club; a frilled lizard corpse; a gnoll corpse You completely miss the gnoll.
You barely miss the gnoll. The gnoll hits you with a +0 spear.
You die...

... #...
#... ##.
.## #####..
..# .......
#.# .....
#.#
#..##.#####
#.g@......#
#.g######.#
..... #.#
$......
##.######
...###.
#.......#
.. ..
#..####.# #
##
#....##.#
#.##.##.#
#.......#


You could see 2 gnolls.

Vanquished Creatures
  A gnoll (D:2)
  An adder (D:2)
  4 ball pythons (D:1)
  3 bats (D:1)
  7 endoplasms
  2 giant cockroaches (D:1)
  A goblin (D:1)
  A hobgoblin (D:1)
  3 jackals (D:1)
  4 kobolds (D:1)
  A quokka (D:1)
  2 frilled lizards
  4 rats (D:1)
34 creatures vanquished.

Notes
Turn   | Place    | Note
-------+----------+-------------------------------------------
     0 | D:1      | Sanktem7 the Minotaur Fighter began the quest for the Orb.
     0 | D:1      | Reached XP level 1. HP: 19/19 MP: 0/0
   225 | D:1      | Reached XP level 2. HP: 18/27 MP: 1/1
   923 | D:1      | Reached XP level 3. HP: 33/33 MP: 2/2
  1326 | D:2      | HP: 1/34 [gnoll (4)]
  1327 | D:2      | Slain by a gnoll

Illustrated notes

Levels and vault maps discovered:
D:1:      grunt_arrival_lava_bath, layout_basic, minmay_misc_feat_four_crosses
D:2:      layout_loops_cross, shapermc_ecumenical_altar_rom_forum

Skill      XL: |  1  2  3 |
---------------+----------+-----
Fighting       | 4 |  4.3
Armour         | 4 |  4.2
Shields        | 4 |  4.1
Axes           | 3 |  3.2
Dodging        | |  0.1

Action                   || total
-------------------------++-------
Melee: War axe           ||    56
       Headbutt          ||     5
Armor: Scale mail        ||    39
Dodge: Dodged            ||    31
Block: Buckler           ||    12
